 Dungeon Crawl Stone Soup version 0.19.1 (webtiles) character file.

28099 Mesmaeker13 the Fighter (level 13, -2/109 HPs)
             Began as a Hill Orc Gladiator on Nov 25, 2016.
             Was a High Priest of Beogh.
             Slain by a sixfirhy (10 damage)
             ... on level 3 of the Abyss on Nov 26, 2016.
             The game lasted 00:47:37 (17940 turns).

Mesmaeker13 the Fighter (Hill Orc Gladiator)       Turns: 17940, Time: 00:47:38

Health: -2/109     AC: 16    Str: 17    XL:     13   Next: 36%
Magic:  20/20      EV: 13    Int: 11    God:    Beogh [*****.]
Gold:   661        SH:  0    Dex: 12    Spells: 0 memorised, 12 levels left

rFire  x . .     SeeInvis .     A - +4 great sword (venom)
rCold  + + +     Gourm    .     j - +2 ring mail {rC+}
rNeg   . . .     Faith    .     (shield currently unavailable)
rPois  .         Spirit   .     c - +0 helmet
rElec  .         Reflect  .     v - +0 cloak {+Inv}
rCorr  .         Harm     .     h - +0 pair of gloves
MR     .....                    N - +1 pair of boots
Stlth  +.........               (no amulet)
                                w - ring of ice
                                o - ring of protection from cold

@: slowed, very slow
A: walk on water, frail 1, weak 1
a: Smiting, Recall Orcish Followers, Give Item to Named Follower, Renounce
Religion, Evoke Invisibility


You were on level 3 of the Abyss.
You worshipped Beogh.
Beogh was extremely pleased with you.
You were not hungry.

You visited 2 branches of the dungeon, and saw 16 of its levels.
You visited the Abyss 1 time.

You collected 854 gold pieces.
You spent 193 gold pieces at shops.

Inventory:

Hand Weapons
 i - a +3 long sword
 A - a +4 great sword of venom (weapon)
 P - a +1 short sword of venom
Armour
 a - a +2 buckler
 c - a +0 helmet (worn)
 h - a +0 pair of gloves (worn)
 j - a +2 ring mail of cold resistance (worn)
 v - a +0 cloak of invisibility (worn)
 J - the cursed +1 leather armour "Ekaameej" {-Cast Int+3 Dex+7, unknown}
   (You found it on level 1 of the Lair of Beasts)

   It affects your intelligence (+3).
   It affects your dexterity (+7).
   It prevents spellcasting.
   It has a curse placed upon it.
 N - a +1 pair of boots (worn)
Jewellery
 o - a ring of protection from cold (left hand)
 q - a +4 ring of strength
 w - a ring of ice (right hand)
 z - a cursed amulet of magic regeneration
 Q - an uncursed ring of ice
Wands
 l - a wand of digging (12/24)
 B - a wand of disintegration (17/24)
Scrolls
 b - 9 scrolls of remove curse
 e - 7 scrolls of amnesia
 m - 2 scrolls of fog
 r - a scroll of fear
 x - a scroll of noise
 O - 3 scrolls of teleportation
 R - a scroll of torment
Potions
 g - a potion of mutation
 n - a potion of cancellation {unknown}
 s - 9 potions of curing
 t - a potion of beneficial mutation {unknown}
 D - 3 potions of brilliance
 F - a potion of cure mutation
 G - a potion of flight {unknown}
 I - a potion of resistance {unknown}
 K - a potion of agility {unknown}
 L - a potion of lignification {unknown}
Books
 y - a book of Flames

   Spells                             Type                      Level
   a - Flame Tongue                   Conjuration/Fire             1
   b - Throw Flame                    Conjuration/Fire             2
   c - Conjure Flame                  Conjuration/Fire             3
   d - Inner Flame                    Hexes/Fire                   3
   e - Sticky Flame                   Conjuration/Fire             4
   f - Fireball                       Conjuration/Fire             5
 C - a book of Cantrips

   Spells                             Type                      Level
   a - Confusing Touch                Hexes                        1
   b - Animate Skeleton               Necromancy                   1
   c - Summon Small Mammal            Summoning                    1
   d - Apportation                    Translocation                1
 H - a book of Frost

   Spells                             Type                      Level
   a - Freeze                         Ice                          1
   b - Throw Frost                    Conjuration/Ice              2
   c - Ozocubu's Armour               Charms/Ice                   3
   d - Throw Icicle                   Conjuration/Ice              4
   e - Summon Ice Beast               Ice/Summoning                4
Miscellaneous
 u - a disc of storms
 M - a crystal ball of energy
Comestibles
 f - 10 bread rations
 k - 5 meat rations
 p - 9 fruits
 E - 10 beef jerkies


   Skills:
 + Level 13.5 Fighting
 + Level 12.7 Long Blades
 - Level 1.7 Throwing
 - Level 11.4 Armour
 - Level 4.3 Dodging
 - Level 6.0 Invocations
 + Level 9.3 Evocations


You had 12 spell levels left.
You didn't know any spells.

Dungeon Overview and Level Annotations

Branches:
Dungeon (13/15)            Temple (0/1) D:5            Lair (3/6) D:11
  Snake (0/4) Lair:2          Orc (0/2) D:11
  Swamp: Lair:2-4    Shoals: Lair:2-4    Vaults: D:13-14

Altars:
Ashenzari
Cheibriados
Dithmenos
Elyvilon
Fedhas
Hepliaklqana
Okawaru
Ru
Sif Muna
Trog
Uskayaw
Xom
Yredelemnul
The Shining One

Shops:
D:4 :   D:9 *

Annotations:
D:13 Erolcha


Innate Abilities, Weirdness & Mutations

You can walk on water.
You are frail. (-10% HP)
You are weak. (Str -2)


Message History

Beogh accepts your kill.
Reactivating autopickup.
You feel a bit more experienced. The sixfirhy hits you.
The sixfirhy shocks you!
The sixfirhy hits you but does no damage.
The sixfirhy hits you. The sixfirhy shocks you!
* * * LOW HITPOINT WARNING * * *
The sixfirhy hits you but does no damage. x2
You slash the sixfirhy!
The sixfirhy is poisoned.
The sixfirhy is moderately wounded.
The sixfirhy misses you. The sixfirhy barely misses you.
You riposte.
You closely miss the sixfirhy.
The sixfirhy is moderately wounded.
The sixfirhy hits you.
* * * LOW HITPOINT WARNING * * *
The sixfirhy shocks you!
* * * LOW HITPOINT WARNING * * *
The sixfirhy hits you but does no damage.
The sixfirhy hits you!
You die...

#.......##..#
#..........#
..###........#.#
.#.........#...
....####'#...##..
#. #. #.#.#....#
#.##.# #....# #.
......###3...# >
........@....#
........#....#
........#.#..#
........#.#...#
........#.....#
#.....###.....#
#####. #...... ..
... ...


You could see a sixfirhy.

Vanquished Creatures
  A hydra (Lair:3)
  A centaur warrior (D:11)
  A shadow wraith (Abyss:3)
  An unseen horror (D:12)
  3 hill giants
  A harpy (D:9)
  An ugly thing (D:11)
  A deep elf mage (D:12)
  A manticore (D:10)
  15 elephants
  A guardian serpent (Lair:2)
  A black mamba (Lair:2)
  7 spiny frogs
  A gargoyle (D:12)
  A polar bear (Lair:3)
  2 trolls
  4 raiju (Abyss:3)
  3 hippogriffs
  3 wyverns
  2 hungry ghosts
  A neqoxec (Abyss:3)
  A basilisk (D:12)
  13 yaks
  Menkaure (D:7)
  Edmund (D:5)
  4 water moccasins
  7 porcupines
  3 sky beasts
  5 orc warriors
  4 ice beasts
  2 phantoms
  3 black bears
  4 eyes of draining
  7 centaurs
  5 ogres
  4 crocodiles
  9 bullfrogs
  A gnoll sergeant (D:5)
  A wyvern skeleton (D:9)
  4 killer bees (D:9)
  15 wights
  6 howler monkeys
  3 crimson imps
  7 hounds
  A quasit (D:8)
  A bullfrog skeleton (D:7)
  2 bullfrog zombies
  Crazy Yiuf (D:4)
  A gnoll shaman (D:7)
  10 orc priests
  A centaur skeleton (D:4)
  2 iguanas
  8 orc wizards
  13 worker ants
  2 hound skeletons
  A howler monkey zombie (D:11)
  A worker ant zombie (D:5)
  16 gnolls
  2 howler monkey skeletons
  13 adders
  2 shadow imps
  2 adder zombies
  3 oozes
  An adder skeleton (D:8)
  A worm (D:2)
  3 leopard geckos
  37 orcs
  5 bats
  2 giant cockroaches
  4 goblins
  4 hobgoblins
  13 jackals
  7 quokkas
  7 frilled lizards
  A jackal zombie (D:7)
  9 kobolds
  7 rats
345 creatures vanquished.

Vanquished Creatures (collateral kills)
  An unseen horror (D:9)
  A hill giant (D:10)
  An elephant (Lair:3)
  3 spiny frogs
  A hippogriff (D:11)
  A wyvern (D:9)
  2 yaks (Lair:2)
  An orc warrior (D:11)
  2 ogres
  A crocodile (Lair:2)
  A crimson imp (D:9)
  An orc priest (D:9)
  2 orc wizards
  An orc (D:9)
19 creatures vanquished.

Vanquished Creatures (others)
  3 orc knights
  2 orc warriors
  A centaur (D:12)
  3 orc priests
  2 orc wizards
  12 orcs
  A hobgoblin (D:3)
  7 fungi
  17 plants
48 creatures vanquished.

Grand Total: 412 creatures vanquished

Notes
Turn   | Place    | Note
-------+----------+-------------------------------------------
     0 | D:1      | Mesmaeker13 the Hill Orc Gladiator began the quest for the Orb.
     0 | D:1      | Reached XP level 1. HP: 18/18 MP: 1/1
    24 | D:1      | Found a shattered altar of Ashenzari.
   219 | D:1      | Reached XP level 2. HP: 25/25 MP: 2/2
   595 | D:2      | Reached skill level 3 in Fighting
   818 | D:2      | Reached XP level 3. HP: 27/31 MP: 3/3
   847 | D:2      | Found a white marble altar of Elyvilon.
   890 | D:2      | Found an iron altar of Okawaru.
  1212 | D:2      | Found a basalt altar of Yredelemnul.
  1384 | D:2      | Reached XP level 4. HP: 31/38 MP: 4/4
  2099 | D:3      | Became a worshipper of Beogh the Brigand
  2249 | D:3      | Reached skill level 4 in Fighting
  2249 | D:3      | Reached XP level 5. HP: 40/46 MP: 5/5
  2701 | D:4      | Noticed an ogre
  2801 | D:4      | Reached XP level 6. HP: 46/53 MP: 6/6
  2856 | D:4      | Reached skill level 5 in Long Blades
  2886 | D:4      | Reached * piety under Beogh
  2939 | D:4      | Reached skill level 5 in Fighting
  2972 | D:4      | Reached XP level 7. HP: 44/61 MP: 7/7
  3370 | D:4      | Found a runed door.
  3568 | D:4      | Found Diludupa's Book Boutique.
  3582 | D:4      | Reached skill level 1 in Evocations
  3583 | D:4      | Found a sacrificial altar of Ru.
  3585 | D:4      | Found a glowing golden altar of the Shining One.
  3709 | D:5      | Entered Level 5 of the Dungeon
  3727 | D:5      | Noticed Edmund
  3749 | D:5      | Killed Edmund
  3749 | D:5      | Reached ** piety under Beogh
  3749 | D:5      | Reached skill level 6 in Fighting
  3749 | D:5      | Reached skill level 1 in Armour
  3864 | D:5      | Found a shadowy altar of Dithmenos.
  3890 | D:5      | Found a staircase to the Ecumenical Temple.
  3971 | D:5      | Reached XP level 8. HP: 69/70 MP: 9/9
  4580 | D:6      | Found a snail-covered altar of Cheibriados.
  4740 | D:6      | Reached skill level 7 in Fighting
  5077 | D:6      | Found a hazy altar of Hepliaklqana.
  5641 | D:4      | Noticed Crazy Yiuf
  5693 | D:4      | Killed Crazy Yiuf
  6023 | D:7      | Noticed a hippogriff
  6044 | D:7      | Killed a hippogriff
  6044 | D:7      | Reached XP level 9. HP: 65/80 MP: 11/11
  6589 | D:7      | Reached skill level 8 in Fighting
  6694 | D:7      | Reached skill level 1 in Invocations
  6783 | D:7      | Reached skill level 5 in Armour
  7096 | D:7      | Reached *** piety under Beogh
  7270 | D:7      | Found a deep blue altar of Sif Muna.
  7270 | D:7      | Found a hide-covered altar of Uskayaw.
  7285 | D:7      | Noticed Menkaure
  7306 | D:7      | Killed Menkaure
  7569 | D:7      | Found a bloodstained altar of Trog.
  8092 | D:8      | Reached skill level 9 in Fighting
  8186 | D:8      | Reached XP level 10. HP: 73/91 MP: 13/13
  8532 | D:8      | Found a blossoming altar of Fedhas.
  8788 | D:9      | Gained Alork as an ally
  8901 | D:9      | Found Edghirofe's Assorted Antiques.
  8920 | D:9      | Reached skill level 5 in Invocations
  8926 | D:9      | Your ally Alork died
  9113 | D:9      | Bought a potion of curing for 84 gold pieces
  9113 | D:9      | Bought a scroll of identify for 56 gold pieces
  9113 | D:9      | Bought a scroll labeled UHAIRASOIX for 28 gold pieces
  9113 | D:9      | Bought a metallic grey potion for 25 gold pieces
  9294 | D:9      | Killed an unseen horror
  9535 | D:9      | Noticed a harpy
  9535 | D:9      | Noticed an ice dragon
 10011 | D:9      | Killed a harpy
 10011 | D:9      | Reached skill level 10 in Fighting
 10027 | D:9      | Reached **** piety under Beogh
 10220 | D:10     | Entered Level 10 of the Dungeon
 10293 | D:10     | Found a shimmering altar of Xom.
 10293 | D:10     | Noticed a manticore
 10304 | D:10     | Killed a manticore
 10484 | D:10     | Reached XP level 11. HP: 69/101 MP: 15/15
 10490 | D:10     | Reached skill level 10 in Long Blades
 10492 | D:10     | Reached skill level 5 in Evocations
 10791 | D:10     | Noticed a hill giant
 10805 | D:10     | Killed a hill giant
 10984 | D:10     | Noticed a hill giant
 10988 | D:10     | Reached skill level 11 in Fighting
 10998 | D:10     | Killed a hill giant
 11396 | D:10     | Noticed a hill giant
 11402 | D:10     | Killed a hill giant
 11657 | D:11     | Reached ***** piety under Beogh
 11744 | D:11     | Found a staircase to the Lair.
 12083 | D:11     | Gained Zorug as an ally
 12149 | D:11     | Noticed a green ugly thing
 12155 | D:11     | Killed a green ugly thing
 12225 | D:11     | Found a staircase to the Orcish Mines.
 12339 | Lair:1   | Entered Level 1 of the Lair of Beasts
 12488 | Lair:1   | Got a brightly glowing leather armour
 12706 | Lair:2   | Reached XP level 12. HP: 89/111 MP: 17/17
 13002 | Lair:2   | Reached skill level 12 in Fighting
 13006 | Lair:2   | Gained Blodwig as an ally
 13006 | Lair:2   | Reached skill level 10 in Armour
 13407 | Lair:2   | Found a staircase to the Snake Pit.
 14248 | Lair:3   | Your ally Blodwig died
 14933 | Lair:3   | Noticed a five-headed hydra
 14943 | Lair:3   | Your ally Zorug died
 15844 | Lair:3   | HP: 5/113 [11-headed hydra (3)]
 15845 | Lair:3   | Killed a 12-headed hydra
 15845 | Lair:3   | Reached skill level 13 in Fighting
 15845 | Lair:3   | Reached XP level 13. HP: 5/122 MP: 19/19
 16767 | D:12     | HP: 6/122 [orc priest/whip (2)]
 17846 | D:13     | Noticed Erolcha
 17846 | D:13     | Cast into level 2 of the Abyss (Erolcha)
 17898 | Abyss:3  | Gained mutation: You are weak. (Str -2) [a neqoxec]
 17909 | Abyss:3  | Gained mutation: You are frail. (-10% HP) [a neqoxec]
 17940 | Abyss:3  | Slain by a sixfirhy

Skill      XL: |  1  2  3  4  5  6  7  8  9 10 11 12 13 |
---------------+----------------------------------------+-----
Fighting       | 3 4 5 6 7 9 10 11 13 | 13.5
Dodging        | 3 4 |  4.3
Long Blades    | 4 5 6 7 8 9 11 12 | 12.7
Evocations     | 1 3 4 6 8 9 |  9.3
Armour         | 1 4 6 8 9 11 | 11.4
Invocations    | 4 6 |  6.0
Throwing       | |  1.7

Action                   |  1- 3 |  4- 6 |  7- 9 | 10-12 | 13-15 || total
-------------------------+-------+-------+-------+-------+-------++-------
Melee: Long sword        |    97 |   190 |   475 |    18 |       ||   780
       Quarterstaff      |       |       |    17 |       |       ||    17
       Great sword       |       |       |       |   432 |   117 ||   549
Throw: Throwing net      |       |     1 |     7 |       |       ||     8
Invok: Convert to Beogh  |       |     1 |       |       |       ||     1
       Smiting           |       |       |     2 |     6 |     1 ||     9
       Recall Orcish Fol |       |       |       |     2 |     1 ||     3
Evoke: Wand              |       |       |     5 |    12 |       ||    17
       Disc of storms    |       |       |       |     1 |       ||     1
  Use: Scroll            |       |     2 |     6 |    13 |     4 ||    25
       Potion            |       |       |     5 |     3 |       ||     8
 Stab: Held in net/web   |       |       |     2 |       |       ||     2
       Distracted        |       |       |       |     1 |       ||     1
  Eat: Chunk             |     2 |     5 |    17 |    15 |     5 ||    44
       Fruit             |       |       |     2 |     3 |       ||     5
       Meat ration       |       |       |     1 |     1 |       ||     2
       Bread ration      |       |       |       |     1 |       ||     1
       Beef jerky        |       |       |       |       |     1 ||     1
Armor: Leather armour    |     7 |       |       |       |       ||     7
       Ring mail         |    24 |    78 |   202 |   316 |    64 ||   684
Dodge: Dodged            |    74 |   144 |   317 |   364 |   100 ||   999
       Rpst.: Long sword |    17 |    54 |    95 |     3 |       ||   169
       Great sword       |       |       |       |    67 |    22 ||    89
